 Dungeon Crawl Stone Soup version 0.17.1-2-g5865329 (webtiles) character file.

6706 lumek4 the Carver (level 10, -3/94 HPs)
             Began as a Minotaur Fighter on Feb 9, 2016.
             Was a High Priest of Okawaru.
             Slain by a komodo dragon (18 damage)
             ... on level 10 of the Dungeon on Feb 16, 2016.
             The game lasted 01:04:09 (8140 turns).

lumek4 the Carver (Minotaur Fighter)                Turns: 8140, Time: 01:04:09

Health: -3/94      AC: 17    Str: 30    XL:     10   Next: 74%
Magic:  9/9        EV:  6    Int:  5    God:    Okawaru [*****.]
Gold:   341        SH: 11    Dex:  9    Spells: 3 memorised, 4 levels left

rFire  . . .     SeeInvis +     g - +4 falchion
rCold  . . .     Clarity  .     t - +3 plate armour
rNeg   + . .     SustAt   .     c - +0 shield
rPois  .         Gourm    .     (helmet restricted)
rElec  .         Spirit   .     (no cloak)
rCorr  .         Warding  .     (no gloves)
rMut   .         Stasis   .     F - +0 pair of boots
MR     .....                    (no amulet)
Stlth  ..........               n - ring of positive energy
                                G - ring of see invisible (curse)

@: mighty, about to teleport, not resistant to hostile enchantments, extremely
unstealthy
A: retaliatory headbutt, horns 2, regeneration 1
a: Heroism, Finesse, Renounce Religion


You were on level 10 of the Dungeon.
You worshipped Okawaru.
Okawaru was extremely pleased with you.
You were not hungry.

You visited 1 branch of the dungeon, and saw 10 of its levels.

You collected 615 gold pieces.
You spent 274 gold pieces at shops.

Inventory:

Hand Weapons
 a - a +0 long sword
 g - a +4 falchion (weapon)
 o - a +0 scimitar
 s - a cursed -1 dagger
 w - a +0 dire flail
 H - a +0 falchion
 S - a +2 long sword of holy wrath
 W - a +2 falchion of electrocution
Armour
 b - a +0 scale mail
 c - a +0 shield (worn)
 k - a +0 scale mail
 m - a +0 scale mail
 t - a +3 plate armour (worn)
 F - a +0 pair of boots (worn)
Jewellery
 j - an uncursed ring of wizardry
 n - a ring of positive energy (right hand)
 r - an uncursed ring of loudness
 B - an uncursed ring of fire
 G - a cursed ring of see invisible (left hand)
Wands
 f - a wand of fire (0)
 A - a wand of digging (11)
 E - a wand of cold (8)
 M - a wand of frost (27)
 Q - a wand of slowing (32)
 R - a wand of frost (30)
Scrolls
 h - 2 scrolls of amnesia
 i - 5 scrolls of fog
 u - 3 scrolls of remove curse
 z - 3 scrolls of teleportation
 I - a scroll of identify
 J - a scroll of recharging {unknown}
 N - a scroll of magic mapping {unknown}
 Z - a scroll of enchant weapon
Potions
 l - 2 potions of curing
 C - a potion of brilliance
 P - a potion of degeneration
 U - a potion of resistance {unknown}
 X - a potion of haste {unknown}
Books
 p - a book of Battle

   Spells                             Type                      Level
   a - Infusion                       Charms                       1
   b - Shroud of Golubria             Charms/Translocation         2
   c - Song of Slaying                Charms                       2
   d - Spectral Weapon                Hexes/Charms                 3
   e - Regeneration                   Charms/Necromancy            3
 x - a book of Envenomations

   Spells                             Type                      Level
   a - Spider Form                    Transmutation/Poison         3
   b - Alistair's Intoxication        Transmutation/Poison         4
   c - Olgreb's Toxic Radiance        Poison                       4
   d - Poisonous Cloud                Conjuration/Poison/Air       6
 y - a Necronomicon

   Spells                             Type                      Level
   a - Haunt                          Necromancy/Summoning         7
   b - Borgnjor's Revivification      Necromancy                   8
   c - Death's Door                   Charms/Necromancy            8
   d - Necromutation                  Transmutation/Necromancy     8
 O - a book of Minor Magic

   Spells                             Type                      Level
   a - Magic Dart                     Conjuration                  1
   b - Blink                          Translocation                2
   c - Call Imp                       Summoning                    2
   d - Repel Missiles                 Charms/Air                   2
   e - Slow                           Hexes                        2
   f - Conjure Flame                  Conjuration/Fire             3
   g - Mephitic Cloud                 Conjuration/Poison/Air       3
 T - a book of Enchantments

   Spells                             Type                      Level
   a - Cause Fear                     Hexes                        4
   b - Silence                        Hexes/Air                    5
   c - Deflect Missiles               Charms/Air                   6
   d - Haste                          Charms                       6
   e - Discord                        Hexes                        8
Miscellaneous
 V - a fan of gales (inert)
 Y - a plain deck of war
Comestibles
 d - a beef jerky
 e - 4 bread rations
 q - 8 fruits
 v - 4 meat rations
 D - 2 slices of pizza
 K - 5 royal jellies


   Skills:
 - Level 10.4 Fighting
 - Level 14.8 Long Blades
 - Level 6.0 Armour
 - Level 0.5 Stealth
 - Level 6.0 Shields
 - Level 0.4 Invocations
 + Level 0.1 Evocations


You had 4 spell levels left.
You knew the following spells:

 Your Spells              Type           Power        Failure   Level  Hunger
a - Spider Form           Trmt/Pois      #.........   100%        3    ####...
b - Infusion              Chrm           #.....       100%        1    ##.....
c - Magic Dart            Conj           #...         100%        1    ##.....


Dungeon Overview and Level Annotations

Branches:
Dungeon (10/15)            Temple (0/1) D:7            Lair (0/8) D:8
    Orc (0/4) D:9

Altars:
Ashenzari
Fedhas
Nemelex Xobeh
Okawaru
Ru
Sif Muna
Trog
Xom
Yredelemnul
Zin
The Shining One

Shops:
D:10 (

Annotations:
D:5 Dig to angel kill


Innate Abilities, Weirdness & Mutations

You reflexively headbutt those who attack you in melee.
You have a pair of horns on your head.
Your natural rate of healing is unusually fast.


Message History

* * * LOW HITPOINT WARNING * * *
Drink which item? (? for menu, Esc to quit)
You feel very mighty all of a sudden. The komodo dragon bites you.
* * * LOW HITPOINT WARNING * * *
Evoke which item? (* to show all) (? for menu, Esc to quit)
Zapping:
Q - a wand of slowing (will waste charges)
Press: ? - help, Shift-Dir - straight line, f - komodo dragon
Aim: a komodo dragon (chance to defeat MR: 34%)
The komodo dragon easily resists.
Evoking this partially-identified wand wasted a few charges.
You block the komodo dragon's attack.
Evoke which item? (* to show all) (? for menu, Esc to quit)
That is presently inert.
Evoke which item? (* to show all) (? for menu, Esc to quit)
That is presently inert.
There are monsters nearby!
As you read the scroll of teleportation, it crumbles to dust.
You feel strangely unstable. The komodo dragon bites you!!
You die...

..................# ##....###
.....####.........####....##
.....####..##......5..(((..#
.......#8..8#.........##...#####
...............##..#####.#.....##
##........>..#..(.###.......#.(.(
##....#8..8###.ca# #.#.#.#.#..#(
##(.###..## ##l## #.......##(5.
#†)# #### ##@####.#.#.#.##..(
##(## ##.............##... #..#
##..##....#.#.#.##... #(.##
##..######...†...##.#5 ##..#
##..## ###....###§#. #..###...#
####.###.#. #...#...## #..##.#. #
#......## ##.##.#: ## ##....##
#....##


You could see a centaur warrior, a komodo dragon, a worker ant and a crimson
imp.

Vanquished Creatures
  The ghost of Starve the Basher, a journeyman GrAr (D:9)
  Pikel (D:5)
  Joseph (D:7)
  The ghost of Faustar the Thaumaturge, a novice DECj of Vehumet (D:7)
  A komodo dragon (D:8)
  Grinder (D:3)
  4 yaks (D:8)
  Menkaure (D:7)
  Edmund (D:6)
  2 orc warriors
  2 black bears
  2 ice beasts
  4 ogres
  2 centaurs
  A big kobold (D:8)
  A gnoll sergeant (D:6)
  5 giant frogs
  A wyvern skeleton (D:10)
  2 scorpions
  3 wights (D:10)
  6 killer bees (D:10)
  A troll skeleton (D:9)
  3 crimson imps
  2 giant frog zombies (D:5)
  2 spriggan skeletons (D:9)
  6 orc wizards
  A quasit (D:10)
  2 hounds
  2 jellies
  14 orc priests
  A centaur zombie (D:7)
  6 centaur skeletons
  4 iguanas
  Terence (D:2)
  A sheep (D:8)
  10 worker ants
  A killer bee zombie (D:5)
  A hound zombie (D:9)
  12 adders
  12 gnolls
  3 shadow imps
  An ooze (D:4)
  2 worms
  An adder skeleton (D:5)
  4 giant geckos
  49 orcs
  A ball python (D:1)
  3 giant cockroaches
  5 hobgoblins (D:1)
  16 jackals
  13 kobolds
  5 quokkas
  3 bats
  A giant gecko skeleton (D:5)
  A giant gecko zombie (D:9)
  6 giant newts
  8 goblins
  A quokka zombie (D:5)
  5 rats
  A plant (D:5)
254 creatures vanquished.

Vanquished Creatures (others)
  A crimson imp (D:5)
  An orc (D:5)
  2 jackals (D:5)
  A fulminant prism (D:7)
5 creatures vanquished.

Grand Total: 259 creatures vanquished

Notes
Turn   | Place    | Note
--------------------------------------------------------------
     0 | D:1      | lumek4 the Minotaur Fighter began the quest for the Orb.
     0 | D:1      | Reached XP level 1. HP: 19/19 MP: 0/0
    90 | D:1      | Reached XP level 2. HP: 26/26 MP: 1/1
   603 | D:2      | Reached skill level 4 in Long Blades
   695 | D:2      | Found an iron altar of Okawaru.
   697 | D:2      | Reached XP level 3. HP: 31/31 MP: 2/2
   698 | D:2      | Found a glowing silver altar of Zin.
   699 | D:2      | Found a bloodstained altar of Trog.
   722 | D:2      | Became a worshipper of Warmaster Okawaru
   735 | D:2      | Noticed Terence
   748 | D:2      | Killed Terence
   748 | D:2      | Reached skill level 5 in Long Blades
   769 | D:2      | Reached XP level 4. HP: 31/39 MP: 3/3
  1549 | D:3      | Noticed Grinder
  1564 | D:3      | Paralysed by Grinder for 3 turns
  1568 | D:3      | Paralysed by Grinder for 4 turns
  1576 | D:3      | Killed Grinder
  1576 | D:3      | Reached skill level 7 in Long Blades
  1576 | D:3      | Reached XP level 5. HP: 16/45 MP: 4/4
  1576 | D:3      | Reached XP level 6. HP: 18/51 MP: 5/5
  1861 | D:3      | Reached skill level 8 in Long Blades
  1905 | D:3      | Reached * piety under Okawaru
  2043 | D:3      | Found a shattered altar of Ashenzari.
  2054 | D:3      | Found a deep blue altar of Sif Muna.
  2055 | D:3      | Found a shimmering altar of Xom.
  2056 | D:3      | Found a sparkling altar of Nemelex Xobeh.
  2409 | D:4      | Gained mutation: Your natural rate of healing is unusually fast. [potion of mutation]
  2409 | D:4      | Gained mutation: You are resistant to hostile enchantments. [potion of mutation]
  2409 | D:4      | Lost mutation: You are resistant to hostile enchantments. [potion of mutation]
  2506 | D:4      | Reached XP level 7. HP: 59/59 MP: 6/6
  2934 | D:5      | Entered Level 5 of the Dungeon
  2959 | D:5      | Noticed Pikel
  3002 | D:5      | Killed Pikel
  3002 | D:5      | Reached ** piety under Okawaru
  3002 | D:5      | Reached skill level 5 in Fighting
  3002 | D:5      | Reached skill level 9 in Long Blades
  3002 | D:5      | Reached skill level 5 in Armour
  3002 | D:5      | Reached skill level 5 in Shields
  3002 | D:5      | Reached XP level 8. HP: 40/68 MP: 7/7
  3163 | D:5      | Learned a level 3 spell: Spider Form
  3278 | D:5      | Found a basalt altar of Yredelemnul.
  3280 | D:5      | Noticed a profane servitor
  3323 | D:5      | Found a glowing golden altar of the Shining One.
  3325 | D:5      | Noticed an angel
  3537 | D:5      | Reached skill level 10 in Long Blades
  4208 | D:6      | Reached *** piety under Okawaru
  4359 | D:6      | Noticed Edmund
  4384 | D:6      | Killed Edmund
  4537 | D:6      | Reached skill level 11 in Long Blades
  4537 | D:6      | Reached XP level 9. HP: 65/78 MP: 8/8
  4966 | D:7      | Noticed Joseph
  4986 | D:7      | Killed Joseph
  5003 | D:7      | Learned a level 1 spell: Infusion
  5018 | D:7      | Noticed Menkaure
  5029 | D:7      | Killed Menkaure
  5029 | D:7      | Reached **** piety under Okawaru
  5029 | D:7      | Reached skill level 12 in Long Blades
  5170 | D:7      | Found a staircase to the Ecumenical Temple.
  5391 | D:7      | Noticed Faustar's ghost (novice DECj)
  5395 | D:7      | Killed Faustar's ghost
  5507 | D:8      | Found a blossoming altar of Fedhas.
  5507 | D:8      | Found a sacrificial altar of Ru.
  5512 | D:8      | Found a staircase to the Lair.
  5513 | D:8      | Noticed a komodo dragon
  5545 | D:8      | Killed a komodo dragon
  5556 | D:8      | Reached skill level 13 in Long Blades
  5976 | D:8      | Reached XP level 10. HP: 90/90 MP: 9/9
  6418 | D:9      | Noticed Starve's ghost (journeyman GrAr)
  6448 | D:9      | Killed Starve's ghost
  6458 | D:9      | Reached ***** piety under Okawaru
  6472 | D:9      | Found a bloodstained altar of Trog.
  6723 | D:9      | Reached skill level 14 in Long Blades
  6786 | D:9      | Found a staircase to the Orcish Mines.
  7400 | D:10     | Entered Level 10 of the Dungeon
  7417 | D:10     | Found Ynkoh's Weapon Emporium.
  7423 | D:10     | Bought a +2 long sword of holy wrath for 274 gold pieces
  7459 | D:10     | Reached skill level 10 in Fighting
  7515 | D:10     | Learned a level 1 spell: Magic Dart
  7752 | D:10     | Received a gift from Okawaru
  8109 | D:10     | Noticed a centaur warrior
  8140 | D:10     | Slain by a komodo dragon

Action                   |  1- 3 |  4- 6 |  7- 9 | 10-12 || total
-------------------------+-------+-------+-------+-------++-------
Melee: Long sword        |    65 |       |       |       ||    65
       Falchion          |       |   193 |   393 |   351 ||   937
Invok: Heroism           |       |       |       |     3 ||     3
Evoke: Wand              |       |       |     4 |     1 ||     5
       Fan of gales      |       |       |       |     1 ||     1
  Use: Scroll            |     1 |     6 |    10 |     2 ||    19
       Potion            |       |     6 |     7 |     1 ||    14
  Eat: Bread ration      |       |     2 |     2 |     1 ||     5
       Meat ration       |       |       |       |     1 ||     1
